 Dungeon Crawl Stone Soup version 0.19-a0-262-g5df7875 (webtiles) character file.

218 wvc the Chopper (level 5, 0/38 HPs)
             Began as a Mummy Wanderer on May 25, 2016.
             Was an Initiate of Okawaru.
             Slain by a wasp zombie (8 damage)
             ... on level 5 of the Dungeon.
             The game lasted 00:08:21 (4517 turns).

wvc the Chopper (Mummy Wanderer)                    Turns: 4517, Time: 00:08:21

Health: 0/38       AC:  7    Str: 14    XL:     5   Next: 63%
Magic:  8/8        EV:  9    Int: 13    God:    Okawaru [......]
Gold:   146        SH:  0    Dex: 12    Spells: 0 memorised, 8 levels left

rFire  x . .     SeeInvis .     f - +1 hand axe
rCold  + . .     Gourm    .     h - +0 scale mail
rNeg   + + +     Faith    .     (no shield)
rPois  ∞         Spirit   .     (no helmet)
rElec  .         Dismiss  .     (no cloak)
rCorr  .         Reflect  .     l - +0 pair of gloves
SustAt .         Harm     .     (no boots)
MR     .....                    (no amulet)
Stlth  +.........               d - ring of stealth
                                (no ring)

@: not resistant to hostile enchantments, very unstealthy
A: no food or potions, fire vulnerability, cold resistance 1, negative energy
resistance 3, torment resistance, unbreathing
a: Renounce Religion


You were on level 5 of the Dungeon.
You worshipped Okawaru.
Okawaru was noncommittal.
You were not hungry.

You visited 1 branch of the dungeon, and saw 5 of its levels.

You collected 146 gold pieces.

Inventory:

Hand Weapons
 f - a +1 hand axe (weapon)
Armour
 c - a +0 ring mail
 h - a +0 scale mail (worn)
 l - a +0 pair of gloves (worn)
Jewellery
 d - a ring of stealth (right hand)
Scrolls
 e - 2 scrolls of teleportation
 i - a scroll of identify
Books
 a - a book of Minor Magic

   Spells                             Type                      Level
   a - Magic Dart                     Conjuration                  1
   b - Blink                          Translocation                2
   c - Call Imp                       Summoning                    2
   d - Repel Missiles                 Charms/Air                   2
   e - Slow                           Hexes                        2
   f - Conjure Flame                  Conjuration/Fire             3
   g - Mephitic Cloud                 Conjuration/Poison/Air       3
 b - the Grimoire of Darkness

   Spells                             Type                      Level
   a - Animate Skeleton               Necromancy                   1
   b - Vampiric Draining              Necromancy                   3


   Skills:
 - Level 2.0 Fighting
 + Level 3.4 Axes
 - Level 1.3 Armour
 - Level 2.0 Dodging
 - Level 1.0 Stealth
 - Level 2.0 Spellcasting
   Level 1.0 Transmutations
   Level 1.5 Earth Magic
   Level 1.5 Evocations


You had 8 spell levels left.
You didn't know any spells.

Dungeon Overview and Level Annotations

Branches:
Dungeon (5/15)
 Temple: D:4-7

Altars:
Cheibriados
Fedhas
Okawaru
Sif Muna

Annotations:
D:3 Grinder, Jessica, Sigmund


Innate Abilities, Weirdness & Mutations

You do not eat or drink.
Your flesh is vulnerable to fire.
You are immune to poison.
Your flesh is cold resistant. (rC+)
You are immune to negative energy. (rN+++)
You are immune to unholy pain and torment.
You can survive without breathing.


Message History

The worker ant closely misses you.
The worker ant bites you but does no damage.
You hit the worker ant.
You kill the worker ant!
Okawaru accepts your kill.
No target in view!
No target in view!
You start resting.
A wasp zombie comes into view.
Found 23 sling bullets.
You completely miss the wasp zombie. The wasp zombie hits you.
You hit the wasp zombie. The wasp zombie hits you.
* * * LOW HITPOINT WARNING * * *
You are too injured to fight recklessly!
You are too injured to fight recklessly!
You are too injured to fight recklessly!
You are too injured to fight recklessly!
You hit the wasp zombie. The wasp zombie barely misses you.
The wasp zombie hits you!
You die...

#.##...............#
#..................# #
###...............##
##.#####............##
#.....#....###.#.####
..........## #.#.#
.........†####.#.#
.................#
.........#@......#
#.....)..#Z.......
....##........##..
..## #...###.## .
##.## .# ..# .# #(# .
. .


You could see a wasp zombie.

Vanquished Creatures
  A scorpion (D:4)
  2 worker ants (D:5)
  A hound skeleton (D:5)
  2 adders
  An adder skeleton (D:5)
  4 worms
  2 dart slugs
  4 giant geckos
  5 ball pythons (D:1)
  2 giant cockroaches
  6 goblins
  11 hobgoblins
  3 jackals (D:4)
  8 kobolds
  A quokka (D:4)
  6 bats
  6 giant newts
  9 rats
74 creatures vanquished.

Notes
Turn   | Place    | Note
--------------------------------------------------------------
     0 | D:1      | wvc the Mummy Wanderer began the quest for the Orb.
     0 | D:1      | wvc set off with: a book of Minor Magic, the Grimoire of Darkness, a scroll of teleportation, a +0 robe, a +0 club
     0 | D:1      | Reached XP level 1. HP: 16/16 MP: 3/3
   111 | D:1      | Reached skill level 1 in Dodging
   390 | D:1      | Reached XP level 2. HP: 18/22 MP: 5/5
   756 | D:2      | Lugonue: мамми)) лол
   761 | D:2      | Lugonue: статы неплозхие однако
  1683 | D:2      | Lugonue: тапор же щит не?
  1932 | D:1      | Reached XP level 3. HP: 14/27 MP: 6/6
  1933 | D:1      | wvc: аххуули
  2133 | D:1      | Reached skill level 1 in Axes
  2299 | D:1      | Lugonue: дмг режется когда нескольких чопаешь?
  2363 | D:1      | wvc: нит
  2524 | D:2      | Lugonue: какой план на игру?
  2537 | D:2      | Lugonue: ))
  2789 | D:2      | Lugonue: оо кальчуга
  2819 | D:2      | Found an iron altar of Okawaru.
  2827 | D:2      | Became a worshipper of Warmaster Okawaru
  3021 | D:2      | Found a blossoming altar of Fedhas.
  3258 | D:2      | Reached XP level 4. HP: 30/33 MP: 7/7
  3402 | D:2      | Reached skill level 2 in Axes
  3603 | D:2      | Found a deep blue altar of Sif Muna.
  3663 | D:2      | wvc: ща, до первой пачки орков
  3677 | D:3      | wvc: ayyy tele
  3683 | D:3      | Noticed Sigmund
  3702 | D:3      | Lugonue: ах да, фиолетовый же флеймит
  3864 | D:3      | Lugonue: лалка, у тебя жи тапор, прыгай в толпу!!
  3881 | D:3      | Lugonue: с твоим стилем игры нужен блейд
  3895 | D:3      | Noticed Grinder
  3896 | D:3      | Paralysed by Grinder for 3 turns
  3897 | D:3      | Lugonue: пизда
  3897 | D:3      | wvc: ayyyy
  3897 | D:3      | wvc: командная игра
  3897 | D:3      | Lugonue: палки есть?
  3902 | D:3      | Paralysed by Grinder for 3 turns
  3917 | D:3      | Lugonue: алху акбар
  3917 | D:3      | Noticed Jessica
  3920 | D:3      | wvc: дасука
  3920 | D:3      | wvc: ещё и жессика
  4096 | D:4      | Reached skill level 1 in Armour
  4096 | D:4      | Lugonue: время не проблема да)
  4096 | D:4      | Reached XP level 5. HP: 14/38 MP: 8/8
  4268 | D:4      | Found a snail-covered altar of Cheibriados.
  4295 | D:4      | Lugonue: божеж статы
  4309 | D:4      | Lugonue: апты*
  4367 | D:4      | Noticed an ogre
  4368 | D:4      | Lugonue: 100% файтин ебашь!
  4369 | D:5      | Entered Level 5 of the Dungeon
  4470 | D:5      | Reached skill level 3 in Axes
  4517 | D:5      | Lugonue: поушены не нужны, рили.
  4517 | D:5      | Slain by a wasp zombie

Vault maps used:
D:1:      eino_arrival_water_star, serial_bayou_lagoon_a,
          minmay_shallow_snake_nest
D:2:      fedhas_altar_fruit_tree, okawaru_metal_pillars_1_2, led_sif_pool
D:3:      kennysheep_generic_room_13, uniq_grinder, uniq_crazy_yiuf_cottage,
          uniq_natasha, uniq_sigmund, uniq_terence, uniq_jessica
D:4:      kennysheep_slug_shrine, elyvilon_altar_3,
          minmay_temple_entry_poolview, first_bread
D:5:      gammafunk_temple_overflow_wave, uniq_blork_the_orc

Skill      XL: |  1  2  3  4  5 |
---------------+----------------+-----
Dodging        | 1 2 |  2.0
Axes           | 1 2 3 |  3.4
Armour         | 1 |  1.3
Fighting       | |  2.0
Stealth        | |  1.0
Spellcasting   | |  2.0
Transmutations | |  1.0
Earth Magic    | |  1.5
Evocations     | |  1.5

Action                   |  1- 3 |  4- 6 || total
-------------------------+-------+-------++-------
Melee: Hand axe          |   221 |   159 ||   380
  Use: Scroll            |     4 |     6 ||    10
 Stab: Distracted        |     1 |       ||     1
       Sleeping          |     1 |     2 ||     3
Armor: Robe              |    21 |       ||    21
       Ring mail         |    19 |    23 ||    42
       Chain mail        |    11 |       ||    11
       Scale mail        |       |    56 ||    56
Dodge: Dodged            |   164 |    91 ||   255
